 Dungeon Crawl Stone Soup version 0.28-a0-1286-g6bde065e89 (webtiles) character file.

Game seed: 1193900238106468267

51 bearlyready the Bolt Thrower (level 3, 0/33 HPs)
             Began as a Minotaur Hunter on Dec 26, 2021.
             Killed from afar by a white imp (11 damage)
             ... with a puff of frost
             ... summoned by Natasha
             ... on level 2 of the Dungeon.
             The game lasted 00:01:10 (1212 turns).

bearlyready the Bolt Thrower (Minotaur Hunter)      Turns: 1212, Time: 00:01:11

Health: 0/33       AC:  5    Str: 16    XL:     3   Next: 57%
Magic:  2/2        EV: 11    Int:  8    God:
Gold:   36         SH:  0    Dex: 12    Spells: 2/2 levels left

rFire   . . .      SeeInvis .   b - +0 short sword
rCold   . . .      Faith    .   (no shield)
rNeg    . . .      Spirit   .   f - +0 ring mail
rPois   .          Reflect  .   (helmet restricted)
rElec   .          Harm     .   (no cloak)
rCorr   .          Rampage  .   (no gloves)
Will    .....                   (no boots)
Stlth   +.........              (no amulet)
HPRegen 0.11/turn               (no ring)
MPRegen 0.08/turn               (no ring)

@: slowed, very slow
A: horns 2, retaliatory headbutt
a: no special abilities


You were on level 2 of the Dungeon.
You visited 1 branch of the dungeon, and saw 2 of its levels.

You collected 36 gold pieces.

Inventory:

Hand Weapons
 a - a +1 hand crossbow
 b - a +0 short sword (weapon)
Missiles
 d - 17 bolts
 i - 15 poisoned darts (quivered)
Armour
 c - a +0 leather armour
 f - a +0 ring mail (worn)
Wands
 l - a wand of iceblast (7)
Scrolls
 e - a scroll of noise {unknown}
 j - a scroll of identify {unknown}
 k - a scroll of vulnerability {unknown}
Potions
 g - 2 potions of degeneration {unknown}
 h - a potion of lignification {unknown}


   Skills:
 + Level 3.8 Fighting
 + Level 5.2 Crossbows
 - Level 2.1 Dodging
 - Level 0.7 Stealth


You had 2 spell levels left.
You didn't know any spells.
Your spell library contained the following spells:

 Spells                   Type           Power      Damage    Failure   Level
 Sandblast                Erth           0%         2d4       63%         1
 Passwall                 Tmut/Erth      0%         N/A       77%         2
 Stone Arrow              Conj/Erth      0%         3d7       94%         3


Dungeon Overview and Level Annotations

Branches:
Dungeon (2/15)

Altars:
The Shining One

Annotations:
D:2 Natasha


Innate Abilities, Weirdness & Mutations

You have a pair of horns on your head.
You reflexively headbutt those who attack you in melee.


Message History

Natasha stares at you and mumbles some strange words.
The magic dart hits you.
Natasha casts a spell. x2
You hit the white imp but do no damage. Your headbutt misses the white imp.
Natasha closely misses you.
You hit Natasha. Your headbutt misses Natasha.
Natasha is moderately wounded.
The white imp gestures at you. The puff of frost misses you.
The white imp gestures at you. The puff of frost hits you!
Natasha casts a spell at you.
You feel as though you will be slow longer.
The white imp closely misses you. The white imp gestures at you.
The puff of frost misses you.
You are too injured to fight recklessly!
You are too injured to fight recklessly!
You are too injured to fight recklessly!
You are too injured to fight recklessly!
You are too injured to fight recklessly!
You are too injured to fight recklessly!
You are too injured to fight recklessly!
You are too injured to fight recklessly!
You are too injured to fight recklessly!
You are too injured to fight recklessly!
You are too injured to fight recklessly!
You are too injured to fight recklessly!
You are too injured to fight recklessly!
You are too injured to fight recklessly!
You hit Natasha.
Natasha is moderately wounded.
Natasha claws you. The white imp misses you. Natasha barely misses you.
The white imp gestures at you. The puff of frost hits you.
You hit Natasha but do no damage. Your headbutt misses Natasha.
Natasha is moderately wounded.
The white imp gestures at you. The puff of frost hits you!
You die...

#.......# #.......#
.....
#.._..########.....
#.....#............
#.....#............
##.####............
#.####.........#
#..............#
###.......@.5..#
#.......5h...#
#......#######
#......# #......#
########


You could see Natasha and 2 white imps.

Vanquished Creatures
  An adder (D:2)
  3 dart slugs (D:1)
  2 ball pythons (D:1)
  4 bats (D:1)
  2 giant cockroaches
  4 goblins
  2 hobgoblins (D:2)
  4 jackals (D:1)
  3 kobolds (D:1)
  A quokka (D:1)
  2 frilled lizards (D:1)
  6 rats
34 creatures vanquished.

Notes
Turn   | Place    | Note
-------+----------+-------------------------------------------
     0 | D:1      | bearlyready the Minotaur Hunter began the quest for the
                  | Orb.
     0 | D:1      | Reached XP level 1. HP: 18/18 MP: 0/0
   189 | D:1      | Reached XP level 2. HP: 25/25 MP: 1/1
   618 | D:1      | Reached XP level 3. HP: 31/31 MP: 2/2
   659 | D:1      | Reached skill level 5 in Crossbows
  1181 | D:2      | Found a glowing golden altar of the Shining One.
  1205 | D:2      | Noticed Natasha
  1212 | D:2      | Killed from afar by a white imp

Illustrated notes

Levels and vault maps discovered:
D:1:      dpeg_arrival_renting, layout_basic
D:2:      layout_basic, basic_altar, ebering_ecumenical_altar_sacrificial,
          interstate_on_off, uniq_terence, uniq_natasha

Skill      XL: |  1  2  3 |
---------------+----------+-----
Fighting       | 3 |  3.8
Crossbows      | 5 |  5.2
Dodging        | |  2.1
Stealth        | |  0.7

Action                   || total
-------------------------++-------
Melee: Short sword       ||    48
       Headbutt          ||    10
 Fire: Hand crossbow     ||    24
Armor: Leather armour    ||     2
       Ring mail         ||    19
Dodge: Dodged            ||    36

Table legend: (Time is in decaauts)
 A = Elapsed time spent in this place.
 B = Non-inter-level travel time spent in this place.
 C = Inter-level travel time spent in this place.
 D = Time resting spent in this place.
 E = Time spent auto-exploring this place.
 F = Levels seen in this place.
 G = Mean time per level.
                   A        B        C        D        E       F      G
               +--------+--------+--------+--------+--------+-----+--------+
         Total |   1225 |   1192 |     33 |      0 |    974 |   2 |  612.5 |
       Dungeon |   1225 |   1192 |     33 |      0 |    974 |   2 |  612.5 |
               +--------+--------+--------+--------+--------+-----+--------+

Top non-repeatable levels by time:
     D:1: 1024 daAuts
     D:2: 200 daAuts
